 Dungeon Crawl Stone Soup version 0.19.5 (webtiles) character file.

30524214 nublet the Grand Master (level 27, 261/261 HPs)
             Began as a High Elf Hunter on Feb 23, 2018.
             Was the Champion of Cheibriados.
             Escaped with the Orb
             ... and 15 runes on Feb 24, 2018!
             The game lasted 07:43:56 (48620 turns).

nublet the Grand Master (High Elf Hunter)          Turns: 48620, Time: 07:43:57

Health: 261/261    AC: 31    Str: 41    XL:     27
Magic:  46/47      EV: 42    Int: 36    God:    Cheibriados [******]
Gold:   2176       SH: 11    Dex: 37    Spells: 14 memorised, 2 levels left

rFire  + + +     SeeInvis .       - Unarmed
rCold  + + .     Gourm    .     (armour currently unavailable)
rNeg   + . .     Faith    .     H - +3 warlock's mirror {reflect}
rPois  ∞         Spirit   +     (helmet restricted)
rElec  +         Reflect  +     p - +2 cloak {MR+}
rCorr  .         Harm     .     (gloves currently unavailable)
MR     ++++.     Clarity  +     (boots currently unavailable)
Stlth  ++........               x - amulet of Catz {Spirit rC+ Dex+6}
                                J - ring "Gyoler" {rF+++ rC+ MR+ Int+3 Dex-5}
                                k - ring "Uluu" {+Fly Str+7 Stlth+}

@: statue-form, very slow
A: antennae 1, claws 1, blurry vision 2, clarity, fire resistance 1, frail 1,
high mp 1, screaming 1, no device heal 1, subdued magic 2
a: End Transformation, Bend Time, Temporal Distortion, Slouch, Step From Time,
Renounce Religion, Evoke Flight
0: Orb of Zot
}: 15/15 runes: decaying, slimy, silver, golden, iron, obsidian, icy, bone,
abyssal, demonic, glowing, magical, fiery, dark, gossamer


You escaped.
You worshipped Cheibriados.
Cheibriados was exalted by your worship.
You were not hungry.
You were a stone statue.
You visited 18 branches of the dungeon, and saw 89 of its levels.
You visited Pandemonium 1 time, and saw 28 of its levels.
You visited the Abyss 1 time.
You also visited: Bailey.

You collected 6922 gold pieces.
You spent 4746 gold pieces at shops.

Inventory:

Missiles
 O - 9 throwing nets (quivered)
Armour
 j - a +2 pair of boots (melded)
 p - a +2 cloak of magic resistance (worn)
 u - a +2 helmet
 H - the +3 warlock's mirror (worn) {reflect}
   (You found it on level 5 of the Pits of Slime)
 T - the +3 leather armour of Noiniost (melded) {*Drain rElec SInv}
   (You bought it in a shop on level 2 of the Vaults)

   It insulates you from electricity.
   It lets you see invisible.
   It causes draining when unequipped.
Magical Staves
 v - an uncursed staff of energy
Jewellery
 k - the ring "Uluu" (left claw) {+Fly Str+7 Stlth+}
   (You found it on level 3 of the Elven Halls)

   [ring of stealth]

   It affects your strength (+7).
   It lets you fly.
   It makes you more stealthy.
 x - the amulet of Catz (around neck) {Spirit rC+ Dex+6}
   (You found it on level 3 of the Elven Halls)

   [amulet of guardian spirit]

   It causes incoming damage to be split between your health and magic.
   It affects your dexterity (+6).
   It protects you from cold.
 G - the ring "Ettuih" {+Fly rN+ MP+9}
   (You found it in Pandemonium)

   [ring of flight]

   It protects you from negative energy.
   It affects your magic capacity (+9).
   It lets you fly.
 J - the ring "Gyoler" (right claw) {rF+++ rC+ MR+ Int+3 Dex-5}
   (You found it in Pandemonium)

   [ring of protection from magic]

   It affects your intelligence (+3).
   It affects your dexterity (-5).
   It renders you almost immune to fire.
   It protects you from cold.
   It affects your resistance to hostile enchantments.
 L - the ring of Jorir {rF+ rC+}
   (You found it on level 3 of the Tomb of the Ancients)

   [ring of protection from cold]

   It protects you from fire.
   It protects you from cold.
 R - the ring of Ofis {+Inv rN+ Str+5 Int-3}
   (You found it on level 5 of the Vaults)

   [ring of positive energy]

   It affects your strength (+5).
   It affects your intelligence (-3).
   It protects you from negative energy.
   It lets you turn invisible.
Wands
 a - a wand of heal wounds (7/9)
 b - a wand of digging (5/24)
 z - a wand of acid (6/15)
 V - a wand of heal wounds (3/9)
 W - a wand of teleportation (1/9)
Scrolls
 e - a scroll of fog
 g - 15 scrolls of remove curse
 n - 6 scrolls of recharging
 w - 4 scrolls of teleportation
 A - 9 scrolls of amnesia
 E - a scroll of silence
 F - a scroll of blinking
 S - 7 scrolls of fear
 U - 2 scrolls of summoning
 Y - 10 scrolls of identify
Potions
 d - 5 potions of heal wounds
 h - 19 potions of curing
 i - 7 potions of brilliance
 m - 4 potions of flight
 o - 4 potions of ambrosia
 q - 3 potions of mutation
 r - 3 potions of cure mutation
 B - 3 potions of agility
 I - 4 potions of resistance
 K - 2 potions of magic
 N - 3 potions of cancellation
Books
 l - a book of Summonings

   Spells                             Type                      Level
   a - Recall                         Summoning/Translocation      3
   b - Aura of Abjuration             Summoning                    5
   c - Summon Demon                   Summoning                    5
   d - Summon Forest                  Summoning/Translocation      5
   e - Summon Mana Viper              Hexes/Summoning              5
   f - Shadow Creatures               Summoning                    6
 D - a book of the Warp

   Spells                             Type                      Level
   a - Gell's Gravitas                Hexes/Translocation          3
   b - Portal Projectile              Translocation                3
   c - Force Lance                    Conjuration/Translocation    4
   d - Dispersal                      Translocation                6
   e - Controlled Blink               Translocation                8
   f - Disjunction                    Translocation                8
Miscellaneous
 s - 6 sacks of spiders
 t - a figurine of a ziggurat
 y - 5 phantom mirrors
 C - the horn of Geryon
 M - a fan of gales
 P - 6 boxes of beasts
 Z - a disc of storms
Comestibles
 f - 5 bread rations
 X - 12 fruits


   Skills:
 O Level 27 Fighting
   Level 8.4 Bows
 - Level 1.9 Armour
 O Level 27 Dodging
 - Level 1.1 Stealth
 - Level 4.1 Shields
 O Level 27 Unarmed Combat
 - Level 15.5 Spellcasting
 - Level 7.9 Charms
 - Level 4.0 Necromancy
 - Level 21.0 Translocations
 - Level 14.6 Transmutations
 - Level 11.7 Earth Magic
 + Level 23.6 Invocations
 - Level 14.3 Evocations


You had 2 spell levels left.
You knew the following spells:

 Your Spells              Type           Power        Failure   Level  Hunger
a - Lesser Beckoning      Tloc           #######...   0%          3    None
b - Dispersal             Tloc           #######...   0%          6    None
c - Repel Missiles        Chrm/Air       #####.       1%          2    None
e - Passage of Golubria   Tloc           N/A          0%          4    None
f - Irradiate             Conj/Tmut      ######....   1%          5    None
k - Control Undead        Necr           #####.....   1%          4    None
l - Lee's Rapid Deconstr  Erth           ######....   1%          5    None
q - Blink                 Tloc           N/A          0%          2    None
r - Regeneration          Chrm/Necr      #####.....   1%          3    None
s - Statue Form           Tmut/Erth      ######...    1%          6    None
t - Passwall              Tmut/Erth      ######....   0%          2    None
w - Apportation           Tloc           #######...   0%          1    None
y - Disjunction           Tloc           #######...   1%          8    #####..
z - Animate Dead          Necr           N/A          1%          4    None


Dungeon Overview and Level Annotations

Branches:
Dungeon (15/15)            Temple (1/1) D:4            Lair (6/6) D:10
  Swamp (4/4) Lair:3       Spider (4/4) Lair:3        Slime (5/5) Lair:6
    Orc (2/2) D:9             Elf (3/3) Orc:2        Vaults (5/5) D:14
  Crypt (3/3) Vaults:2       Tomb (3/3) Crypt:3      Depths (5/5) D:15
   Hell (1/1)                 Dis (7/7) Hell            Geh (7/7) Hell
    Coc (7/7) Hell            Tar (7/7) Hell            Zot (5/5) Depths:5

Altars:
Ashenzari
Cheibriados
Elyvilon
Fedhas
Gozag
Hepliaklqana
Kikubaaqudgha
Makhleb
Nemelex Xobeh
Okawaru
Qazlal
Ru
Trog
Uskayaw
Vehumet
Xom
Yredelemnul
Beogh
Jiyva
Lugonu

Shops:
D:6 :   Orc:2 [(*:   Vaults:1 [   Vaults:2 [   Vaults:3 :   Vaults:4 (
Vaults:5 ?   Zot:5 *

Portals:
Hell: Depths:1 Depths:5
Abyss: Depths:3
Pandemonium: Depths:2
Ziggurat: Depths:4
Trove: Depths:1 (give 19 scrolls of identify)

Annotations:
D:6 exclusion: statue
D:8 Gastronok
Lair:1 exclusion: oklob plant
Lair:5 exclusion: oklob plant
Lair:6 1 runed door
Slime:3 exclusion: upstairs
Zot:3 exclusion: 2 upstairs
Zot:4 exclusion: 2 upstairs
Zot:5 exclusion: upstairs


Innate Abilities, Weirdness & Mutations

You have a pair of small antennae on your head.
You have sharp fingernails.
Scrolls take you longer to read.
You possess an exceptional clarity of mind.
Your flesh is heat resistant. (rF+)
You are frail. (-10% HP)
You have an increased reservoir of magic. (+10% MP)
You occasionally shout uncontrollably at your foes.
Potions and wands are less effective at restoring your health.
Your spells are easier to cast, but less powerful.


Message History

You turn into a living statue of rough stone.
Your +2 pair of boots melds into your body.
The +3 leather armour of Noiniost {*Drain rElec SInv} melds into your body.
The neqoxec completely misses you.
Unknown command.
You eviscerate the neqoxec!!!
You kill the neqoxec!
Cheibriados thoroughly appreciates the change of pace.
Casting: Statue Form
Confirm with . or Enter, or press ? or * to list all spells.
Which direction?
You begin to meditate on the wall.
You continue meditating on the rock. x2
You finish merging with the rock.
Unknown command.
Evoke which item? (* to show all) (? for menu, Esc to quit)
Zapping:
b - a wand of digging (6/24)
Press: ? - help, Shift-Dir - straight line The rock shatters into small pieces.
This wand has 5 charges left.
There is a staircase leading out of the dungeon here.
You have escaped!

### #.# #.# ### #.# #.# #.#
#.# ### #.# #.#
#####8#####.####.#
.....>..........8#
#.###8#####.####.# # #.# ###
#.#.##.#.###### #.#
#.#......#....# #.#
#.#.######.##.#### #.#
######.#.##...........# #.#
#...##.#........#..##.###
#.####...####..#.###.........#
#..............#.###.......#.#


There were no monsters in sight!

Vanquished Creatures
  Cerebov (Pan)
  Asmodeus (Geh:7)
  Antaeus (Coc:7)
  Ereshkigal (Tar:7)
  Gloorx Vloq (Pan)
  the Serpent of Hell (Tar:7)
  Lom Lobon (Pan)
  Mnoleg (Pan)
  Dispater (Dis:7)
  4 orbs of fire
  Khufu (Tomb:2)
  9 ancient liches
  Mennas (Crypt:3)
  Sojobo (Vaults:5)
  Boris (twice) (Vaults:3 Depths:5)
  33 greater mummies
  14 shard shrikes
  7 pandemonium lords
  Bai Suzhen (Vaults:2)
  A curse toe (Zot:5)
  Frederick (Depths:3)
  Xtahua (Crypt:1)
  Geryon (Hell)
  3 Killer Klowns (Zot:5)
  10 golden dragons
  Nikola (Elf:1)
  Jory (Vaults:3)
  14 Brimstone Fiends
  13 bone dragons
  A pearl dragon (Pan)
  4 doom hounds
  27 Tzitzimimeh
  2 electric golems (Zot:5)
  The ghost of Apogee the Executioner, an adept MiFi of Okawaru (Vaults:2)
  6 iron giants
  Rupert (Lair:6)
  4 hellephants
  22 Ice Fiends
  14 tentacled monstrosities
  5 titans
  7 liches
  14 Hell Sentinels
  27 Orb Guardians
  3 deep elf blademasters
  A kraken (Abyss:3)
  2 quicksilver dragons
  20 acid blobs
  6 tentacled starspawn
  2 deep elf master archers (Elf:3)
  5 eldritch tentacles
  Kirke (Swamp:1)
  5 tengu reavers
  Agnes (Spider:1)
  16 ancient champions
  22 Executioners (Pan)
  7 death cobs
  10 sphinxes
  6 storm dragons
  9 revenants
  20 shadow dragons
  8 azure jellies
  6 fire giants
  3 draconian monks
  3 daevas
  6 frost giants
  4 deep elf sorcerers
  2 draconian knights (Zot:4)
  Louise (Spider:2)
  An orc warlord (Orc:2)
  6 blood saints (Pan)
  4 deep elf elementalists
  3 curse skulls
  11 vault wardens
  3 ghost moths (Spider:4)
  8 iron dragons
  28 cacodemons
  A draconian zealot (Zot:5)
  2 angels (Pan)
  10 warmongers (Pan)
  20 balrugs
  6 ghouls
  4 emperor scorpions (Spider:4)
  19 ironheart preservers
  3 elemental wellsprings
  Aizul (Spider:1)
  11 war gargoyles
  57 reapers
  13 very ugly things
  4 green draconians
  A draconian caller (Zot:5)
  6 deep elf demonologists
  4 draconian annihilators
  6 vampire knights
  7 apis (Pan)
  8 bennus
  15 stone giants
  4 entropy weavers
  2 red draconians
  6 deep elf annihilators
  9 corrupters
  Azrael (D:14)
  6 purple draconians
  12 black suns (Pan)
  2 yellow draconians (Zot:5)
  5 black draconians (Zot:5)
  11 lorocyprocas
  4 mottled draconians
  6 spark wasps
  4 white draconians
  6 eidola
  9 ettins
  A crystal guardian (Vaults:5)
  9 deep elf death magi
  10 green deaths
  6 fire dragons
  The ghost of Xiguana the Carver, a journeyman HEGl of Uskayaw (Lair:5)
  20 blizzard demons
  5 jiangshi
  3 kraken zombies
  14 death oozes
  3 quicksilver dragon zombies
  Fannar (D:10)
  10 great orbs of eyes
  A great orb of eyes (shapeshifter) (Vaults:5)
  16 yaktaur captains
  23 mummy priests
  Harold (Lair:3)
  6 rakshasas
  4 deep elf high priests
  10 hydras
  5 hell beasts (Pan)
  19 ice dragons
  3 quicksilver dragon skeletons
  A naga warrior (Abyss:5)
  6 ghost crabs
  27 vault guards
  8 monstrous demonspawn (Pan)
  8 centaur warriors
  A spriggan air mage (Depths:3)
  6 death knights
  7 ogre magi
  3 tengu warriors (Depths:3)
  10 deep troll earth magi
  11 deep troll shamans
  8 alligators
  12 small abominations
  4 titan zombies
  5 vampire magi
  24 dancing weapons
  29 death scarabs
  An orc high priest (Orc:2)
  3 shock serpents (Pan)
  2 spriggan berserkers (Depths:5)
  13 hell hogs
  46 sun demons
  2 storm dragon zombies
  Urug (Lair:3)
  36 soul eaters
  7 thrashing horrors
  2 iron golems (Dis:7)
  24 iron trolls
  Nergalle (Lair:4)
  25 deep elf knights
  136 skeletal warriors
  16 shadow wraiths
  4 wretched stars
  A fire crab (Abyss:3)
  3 spriggans
  33 sixfirhies
  3 titan skeletons
  13 gelid demonspawn (Pan)
  26 hell knights
  3 salamander mystics (Depths:4)
  4 golden dragon zombies
  2 unseen horrors
  The ghost of Xiguana the Carver, a novice HEGl of Uskayaw (Bailey)
  9 torturous demonspawn
  2 spriggan druids (Swamp:4)
  2 cherubim
  33 deep trolls
  8 storm dragon skeletons
  12 infernal demonspawn
  4 death drakes
  17 starcursed masses
  2 ghost moth zombies
  5 glowing orange brains
  7 anaconda zombies
  18 deep elf archers
  15 ironbrand convokers
  14 flayed ghosts
  A hill giant (shapeshifter) (Elf:2)
  12 phantasmal warriors
  25 shadow demons
  A lindwurm (Lair:6)
  8 wizards
  5 golden dragon skeletons
  A swamp dragon (Swamp:4)
  2 shadow dragon zombies
  A mana viper (shapeshifter) (Vaults:5)
  6 hill giants
  5 anaconda skeletons
  4 harpies (Vaults:4)
  14 orc knights
  13 orb spiders
  5 orc sorcerers
  6 frost giant zombies
  57 ugly things
  11 necromancers
  3 wolf spider zombies
  2 fire giant zombies
  38 wolf spiders
  55 deep elf magi
  A manticore (D:15)
  A glowing shapeshifter (Pan)
  A spectral hydra (Swamp:4)
  10 moths of wrath
  A salamander (shapeshifter) (Vaults:5)
  5 iron dragon zombies
  9 salamanders (Depths:4)
  5 shadow dragon skeletons
  4 cyclopes
  4 iron dragon skeletons
  5 stone giant zombies
  A manticore (shapeshifter) (D:15)
  3 shining eyes
  3 guardian serpents
  An apocalypse crab (Abyss:5)
  3 frost giant skeletons
  A worldbinder (Abyss:1)
  5 fire giant skeletons
  2 shock serpent zombies
  18 vault sentinels
  27 rust devils
  3 elephants (Lair:5)
  8 black mambas
  A dire elephant zombie (Dis:1)
  A black mamba (shapeshifter) (Depths:5)
  6 eyes of devastation
  6 stone giant skeletons
  An ice statue (Hell)
  9 molten gargoyles
  14 spiny frogs
  44 orange demons
  A dire elephant skeleton (Crypt:3)
  8 torpor snails
  4 catoblepas zombies
  29 demonic crawlers
  9 komodo dragons
  2 shock serpent skeletons
  A spiny frog (shapeshifter) (Elf:2)
  40 smoke demons
  2 komodo dragons (shapeshifter) (Vaults:4)
  36 hellions
  4 swamp worm zombies (Swamp:4)
  3 rime drakes
  19 yaktaurs
  9 efreet
  30 freezing wraiths
  4 emperor scorpion zombies
  23 hellwings
  19 hydra zombies
  33 ice devils
  40 tormentors
  41 guardian mummies
  4 ancient zymes
  5 tengu conjurers
  A golden dragon simulacrum (Coc:6)
  39 red devils
  A mottled draconian skeleton (Crypt:3)
  34 jumping spiders
  3 polar bears
  11 tyrant leeches
  A silent spectre (Tar:7)
  55 large abominations
  A queen ant zombie (Crypt:1)
  14 two-headed ogres
  Prince Ribbit (D:5)
  9 trolls
  41 hornets
  A shadow dragon simulacrum (Tomb:2)
  79 slime creatures
  4 spectral swamp dragons (Swamp:4)
  A snapping turtle (shapeshifter) (Vaults:4)
  4 ettin zombies
  4 harpy skeletons
  4 alligator zombies
  7 bog bodies
  14 blink frogs
  2 ice dragon zombies
  13 fire dragon zombies
  10 hippogriffs
  2 raiju
  6 hydra skeletons
  56 redbacks
  3 ettin skeletons
  2 fire dragon skeletons
  41 yaks
  96 flying skulls
  7 air elementals
  A black mamba zombie (Geh:1)
  27 tarantellas
  A dire elephant simulacrum (Coc:6)
  3 ice dragon skeletons
  33 ynoxinuls (Pan)
  17 ushabtiu
  23 shadows
  4 alligator skeletons
  A vampire (D:11)
  8 wyverns
  3 hogs (Swamp:1)
  16 humans
  23 water elementals
  23 fire elementals
  2 hogs (shapeshifter)
  A yaktaur simulacrum (Vaults:3)
  A hungry ghost (Coc:7)
  21 wraiths
  A basilisk (Lair:5)
  22 neqoxecs
  12 vampire mosquitoes
  13 golden eyes
  4 black mamba skeletons
  A golden eye (shapeshifter) (Vaults:4)
  A basilisk (shapeshifter) (D:11)
  21 chaos spawn
  A mottled dragon (Vaults:2)
  A warg (shapeshifter) (D:15)
  9 swamp worms
  5 wargs
  A soldier ant (shapeshifter) (Vaults:4)
  A soldier ant (D:12)
  11 insubstantial wisps (Swamp:4)
  A spatial vortex (Abyss:4)
  A swamp worm (shapeshifter) (Depths:5)
  8 spiny frog zombies
  3 torturous demonspawn skeletons
  3 floating eyes
  16 water moccasins
  4 porcupines
  A hydra simulacrum (Coc:7)
  7 swamp drakes
  8 swamp dragon zombies
  47 hell hounds
  5 eyes of draining
  A fire dragon simulacrum (Coc:3)
  42 orc warriors
  2 snapping turtle zombies
  8 spiny frog skeletons
  3 alligator simulacra
  3 sky beasts
  2 manticore zombies
  A hornet zombie (D:9)
  16 necrophages
  14 ice beasts
  An ettin simulacrum (Crypt:2)
  9 wolves
  A manticore skeleton (Coc:6)
  3 black bears
  23 ogres
  15 phantoms
  14 boggarts
  12 centaurs
  3 snapping turtle skeletons
  A lindwurm skeleton (Crypt:2)
  20 crocodiles
  A hog skeleton (Crypt:3)
  19 bullfrogs
  3 big kobolds (D:8)
  4 elf zombies
  8 gnoll sergeants (Bailey)
  A draconian skeleton (Crypt:2)
  5 earth elementals
  An ogre simulacrum (Vaults:1)
  An elf skeleton (Dis:1)
  A wyvern zombie (D:11)
  A glowing shapeshifter simulacrum (Vaults:2)
  A spiny frog simulacrum (Coc:7)
  A wyvern skeleton (Crypt:3)
  3 scorpions
  17 killer bees
  A troll zombie (Dis:4)
  57 wights
  A spriggan zombie (Dis:3)
  5 howler monkeys
  6 electric eels
  5 quasits
  A centaur zombie (D:11)
  10 crimson imps
  2 human simulacra
  3 human zombies
  A bullfrog zombie (D:11)
  9 hounds
  18 orc priests
  7 gnoll shamans
  35 iron imps
  8 jellies
  5 centaur skeletons
  A bullfrog skeleton (D:12)
  2 spectral swamp drakes (Swamp:4)
  A human skeleton (Geh:5)
  4 iguanas
  25 orc wizards
  11 worker ants
  A hell rat (Hell)
  A tengu zombie (Coc:3)
  A naga zombie (Dis:7)
  A mottled dragon skeleton (Crypt:3)
  A naga skeleton (Pan)
  An ogre skeleton (Crypt:2)
  A hound zombie (D:11)
  A hound skeleton (D:6)
  43 mummies
  18 gnolls
  A howler monkey skeleton (Crypt:3)
  A worker ant zombie (D:5)
  16 adders
  A steam dragon skeleton (Crypt:1)
  A swamp drake zombie (Swamp:4)
  8 shadow imps
  14 white imps
  3 ufetubi
  6 oozes
  An adder skeleton (D:5)
  A worm (D:4)
  3 dart slugs
  3 leopard geckos
  87 orcs
  6 bats
  3 giant cockroaches
  5 goblins
  6 hobgoblins
  14 jackals
  4 quokkas
  A ball python (D:3)
  2 frilled lizards
  A gnoll skeleton (Crypt:3)
  A jackal skeleton (D:5)
  13 kobolds
  A leopard gecko zombie (D:5)
  An orc zombie (Tar:4)
  6 rats
  4 crawling corpses (Elf:3)
  2 fungi
  2 plants (Lair:6)
  13 tentacles
4284 creatures vanquished.

Vanquished Creatures (collateral kills)
  A greater mummy (Tomb:1)
  A shard shrike (Coc:6)
  A lich (Tomb:2)
  An iron giant (Dis:7)
  A titan (Vaults:5)
  2 quicksilver dragons (Zot:4)
  An ancient champion (Tomb:2)
  A shadow dragon (Vaults:4)
  A tengu reaver (Vaults:4)
  An iron dragon (Dis:7)
  A blood saint (Pan)
  An ironheart preserver (Vaults:5)
  A draconian shifter (Depths:5)
  A very ugly thing (Vaults:4)
  3 reapers
  2 stone giants (Vaults:5)
  A red draconian (Zot:4)
  An ettin (Vaults:5)
  A yaktaur captain (Vaults:3)
  A green death (Pan)
  A merfolk impaler (Depths:1)
  4 mummy priests
  A fire dragon (Vaults:3)
  An ice dragon (Depths:5)
  A centaur warrior (Vaults:4)
  A rakshasa (D:15)
  A small abomination (Vaults:5)
  A quicksilver dragon skeleton (Coc:7)
  A vault guard (Vaults:4)
  A tengu warrior (Depths:3)
  11 death scarabs
  2 deep troll shamans
  2 deep elf knights
  6 hell knights
  A sun demon (Pan)
  4 iron golems (Dis:7)
  A titan zombie (Crypt:3)
  A sixfirhy (Pan)
  12 skeletal warriors
  A ghost moth zombie (Coc:7)
  An iron troll (Dis:7)
  An anaconda zombie (Hell)
  2 deep trolls
  A deep elf archer (Elf:1)
  2 harpies (Vaults:4)
  3 necromancers
  A stone giant zombie (Coc:7)
  A deep elf mage (Vaults:3)
  An ironbrand convoker (Vaults:2)
  A wolf spider (Vaults:5)
  A moth of wrath (Zot:4)
  A salamander (shapeshifter) (Vaults:5)
  An orc sorcerer (Orc:2)
  A frost giant skeleton (Depths:1)
  A stone giant skeleton (Coc:4)
  A rust devil (Dis:7)
  An ice statue (Hell)
  2 vault sentinels
  2 smoke demons (Pan)
  2 efreet
  2 yaktaurs
  2 freezing wraiths
  3 ice devils
  A guardian mummy (Tomb:2)
  A tormentor (Dis:7)
  A tengu simulacrum (Depths:1)
  3 hydra zombies
  A red devil (Geh:1)
  A hydra skeleton (Geh:1)
  2 alligator zombies
  21 flying skulls
  A black mamba zombie (Geh:1)
  An ettin skeleton (Coc:5)
  3 ushabtiu
  A redback (Spider:2)
  A yak (D:13)
  2 fire elementals
  A hungry ghost (Coc:4)
  An insubstantial wisp (Swamp:4)
  A spiny frog zombie (Dis:5)
  5 hell hounds (Geh:2)
  An orc warrior (Orc:2)
  A snapping turtle zombie (Geh:6)
  2 spiny frog skeletons
  A necrophage (Tar:7)
  A phantom (Coc:5)
  A snapping turtle skeleton (Coc:5)
  A swamp dragon zombie (Geh:1)
  10 wights
  7 iron imps (Dis:7)
  2 orc priests (Orc:2)
  4 orc wizards (Orc:2)
  An iguana (D:13)
  5 mummies
  A worker ant zombie (D:11)
  A white imp (Coc:7)
  5 orcs
  A kobold skeleton (Geh:6)
  An orc zombie (Dis:5)
  A bush (D:11)
  A plant (Depths:5)
208 creatures vanquished.

Vanquished Creatures (others)
  A doom hound (Tar:6)
  An iron dragon (Dis:7)
  An elemental wellspring (Coc:7)
  A green death (Pan)
  A monstrous demonspawn (Pan)
  14 death scarabs (Tomb:2)
  A sun demon (Pan)
  A hell knight (Depths:2)
  A storm dragon zombie (Dis:3)
  A skeletal warrior (Dis:5)
  A shadow demon (Pan)
  A necromancer (Geh:1)
  2 deep elf magi
  3 smoke demons (Pan)
  A stone giant skeleton (Tomb:3)
  4 yaktaurs
  An ice devil (Coc:7)
  A hydra zombie (Dis:7)
  A jumping spider (Spider:1)
  A hornet (Lair:6)
  5 slime creatures (Swamp:3)
  4 flying skulls (Tomb:2)
  A ynoxinul (Zot:5)
  A shadow (Dis:1)
  An ushabti (Tomb:2)
  3 humans (Swamp:1)
  A chaos spawn (Pan)
  An insubstantial wisp (Swamp:4)
  A swamp drake (Swamp:1)
  A phantom (Swamp:4)
  A small abomination (Abyss:1)
  4 wights
  A quasit (D:14)
  3 iron imps (Dis:7)
  5 mummies
  A white imp (Zot:5)
  2 ball lightnings (Pan)
  2 orcs
  3 kobolds (D:9)
  2 fire vortices (Pan)
  10 fungi (Lair:6)
  29 plants
  16 starspawn tentacles
  25 tentacles
162 creatures vanquished.

Grand Total: 4654 creatures vanquished

Notes
Turn   | Place    | Note
-------+----------+-------------------------------------------
     0 | D:1      | nublet the High Elf Hunter began the quest for the Orb.
     0 | D:1      | Reached XP level 1. HP: 14/14 MP: 2/2
   174 | D:2      | Reached XP level 2. HP: 20/20 MP: 3/3
   255 | D:2      | Found a shattered altar of Ashenzari.
   307 | D:2      | Reached XP level 3. HP: 19/25 MP: 4/4
   708 | D:3      | Found a blossoming altar of Fedhas.
   710 | D:3      | Found an ancient bone altar of Kikubaaqudgha.
   783 | D:3      | Reached XP level 4. HP: 31/31 MP: 5/5
   948 | D:2      | Found a basalt altar of Yredelemnul.
  1421 | D:4      | Noticed a phantom
  1459 | D:4      | Killed a phantom
  1459 | D:4      | Reached XP level 5. HP: 32/37 MP: 6/6
  1492 | D:5      | Entered Level 5 of the Dungeon
  1552 | D:5      | Found a sparkling altar of Nemelex Xobeh.
  1734 | D:5      | Reached XP level 6. HP: 33/44 MP: 7/7
  1757 | D:4      | Learned a level 1 spell: Confusing Touch
  1759 | D:4      | Learned a level 1 spell: Animate Skeleton
  1761 | D:4      | Learned a level 1 spell: Apportation
  1949 | D:3      | Got a distressingly furry plate armour
  1970 | D:2      | Identified the +12 plate armour "Bahytef" {+Blink rElec Regen+ Int-2} (You took it off a gnoll on level 3 of the Dungeon)
  2133 | D:4      | Found a staircase to the Ecumenical Temple.
  2142 | Temple   | Entered the Ecumenical Temple
  2172 | Temple   | Became a worshipper of Cheibriados the Contemplative
  2373 | D:6      | Got a transparent hand axe
  2375 | D:6      | Identified the +3 hand axe of the Illusory Wishes {flame, +Rage rN+ Int-3 Dex+2} (You found it on level 6 of the Dungeon)
  2379 | D:6      | Noticed an orc warrior
  2395 | D:6      | You fall through a shaft for 2 floors!
  2395 | D:8      | Noticed an orc warrior
  2421 | D:7      | Found a white marble altar of Elyvilon.
  2421 | D:7      | Found a hazy altar of Hepliaklqana.
  2560 | D:6      | Reached skill level 5 in Fighting
  2580 | D:5      | Noticed an ice beast
  2601 | D:6      | Noticed a sky beast
  2630 | D:6      | Killed a sky beast
  2630 | D:6      | Reached skill level 1 in Armour
  2630 | D:6      | Reached XP level 7. HP: 50/50 MP: 8/8
  2644 | D:6      | Reached * piety under Cheibriados
  2686 | D:6      | Got a clouded bronze amulet
  2692 | D:6      | Identified the amulet of Moodiness {Harm *Drain MR++ MP+9 Slay+2} (You took it off an orc on level 6 of the Dungeon)
  2717 | D:6      | Found Qukekk's Book Emporium.
  2739 | D:6      | Reached skill level 1 in Unarmed Combat
  2796 | D:6      | Found a radiant altar of Vehumet.
  2809 | D:6      | Reached skill level 1 in Invocations
  3008 | D:6      | Reached ** piety under Cheibriados
  3041 | D:5      | Reached XP level 8. HP: 56/56 MP: 10/10
  3292 | D:5      | Noticed Prince Ribbit
  3309 | D:5      | Killed Prince Ribbit
  3546 | D:7      | Reached skill level 5 in Unarmed Combat
  3731 | D:7      | Noticed a deep elf mage
  3747 | D:7      | Killed a deep elf mage
  3747 | D:7      | Reached skill level 5 in Invocations
  3747 | D:7      | Reached XP level 9. HP: 47/61 MP: 14/14
  3798 | D:7      | Reached *** piety under Cheibriados
  3968 | D:8      | Noticed Gastronok
  4118 | D:10     | Entered Level 10 of the Dungeon
  4479 | D:9      | Reached **** piety under Cheibriados
  4496 | D:9      | Found a sacrificial altar of Ru.
  4655 | D:8      | Reached XP level 10. HP: 66/66 MP: 16/16
  4733 | D:8      | Found an iron altar of Okawaru.
  5017 | D:10     | Reached ***** piety under Cheibriados
  5032 | D:10     | Noticed Fannar
  5196 | D:11     | Noticed a cyclops
  5259 | D:10     | Noticed a hill giant
  5270 | D:10     | Killed a hill giant
  5310 | D:10     | Reached skill level 1 in Evocations
  5437 | D:11     | Found a flagged portal.
  5454 | Bailey   | Entered a bailey
  5454 | Bailey   | Noticed Xiguana's ghost (novice HEGl)
  5472 | Bailey   | Killed Xiguana's ghost
  6012 | D:11     | Reached skill level 10 in Unarmed Combat
  6067 | D:11     | Killed a cyclops
  6067 | D:11     | Reached skill level 5 in Evocations
  6067 | D:11     | Reached XP level 11. HP: 51/72 MP: 16/17
  6211 | D:11     | Noticed a hill giant
  6222 | D:11     | Killed a hill giant
  6261 | D:11     | Noticed a white ugly thing
  6275 | D:11     | Killed a white ugly thing
  6396 | D:12     | Noticed a purple ugly thing
  6409 | D:12     | Killed a purple ugly thing
  6586 | D:11     | Noticed a centaur warrior
  6586 | D:11     | Noticed a cyan ugly thing
  6586 | D:11     | Noticed a centaur warrior
  6587 | D:11     | Noticed a fire giant
  6638 | D:12     | Found a corrupted altar of Lugonu.
  6721 | D:12     | Learned a level 2 spell: Blink
  6850 | D:12     | Reached skill level 1 in Spellcasting
  6979 | D:12     | Got a pitted plate armour
  6990 | D:12     | Identified the +7 plate armour of Intuition {Str+4 Int-5 Dex+2 Slay+6} (You found it on level 12 of the Dungeon)
  7186 | D:12     | Killed an unseen horror
  7403 | D:10     | Found a staircase to the Lair.
  7484 | D:10     | Killed Fannar
  7880 | D:9      | Found a staircase to the Orcish Mines.
  7930 | Orc:1    | Entered Level 1 of the Orcish Mines
  8181 | D:6      | Bought a book of Transfigurations for 660 gold pieces
  8189 | D:6      | Learned a level 6 spell: Statue Form
  8320 | Lair:1   | Entered Level 1 of the Lair of Beasts
  8348 | Lair:2   | Reached skill level 1 in Transmutations
  8397 | Lair:2   | Reached skill level 1 in Earth Magic
  8453 | Lair:2   | Reached XP level 12. HP: 77/77 MP: 19/19
  8790 | Lair:1   | Found an opulent altar of Gozag.
  8999 | Lair:4   | Noticed a four-headed hydra
  9025 | Lair:3   | Noticed a seven-headed hydra
  9036 | Lair:3   | Killed a seven-headed hydra
  9036 | Lair:3   | Reached skill level 5 in Transmutations
  9080 | Lair:3   | Found a hole to the Spider Nest.
  9252 | Lair:3   | Noticed Urug
  9263 | Lair:3   | Killed Urug
  9289 | Lair:3   | Noticed Harold
  9353 | Lair:3   | Killed Harold
  9353 | Lair:3   | Reached skill level 5 in Earth Magic
  9517 | Lair:3   | Found a staircase to the Swamp.
  9587 | Lair:4   | Learned a level 2 spell: Repel Missiles
  9600 | Lair:4   | Killed a four-headed hydra
  9703 | Lair:4   | Noticed Nergalle
  9812 | Lair:4   | Killed Nergalle
  9951 | Lair:4   | Learned a level 4 spell: Passage of Golubria
  9999 | Lair:4   | Reached XP level 13. HP: 78/82 MP: 20/20
 10174 | Lair:5   | Noticed Xiguana's ghost (journeyman HEGl)
 10197 | Lair:5   | Killed Xiguana's ghost
 10763 | Lair:6   | Entered Level 6 of the Lair of Beasts
 11037 | Lair:6   | Found a runed door.
 11066 | Lair:6   | Reached skill level 10 in Transmutations
 11108 | Lair:6   | Paralysed by a hornet for 1 turns
 11168 | Lair:5   | Reached skill level 5 in Spellcasting
 12125 | Lair:6   | Noticed Rupert
 12162 | Lair:6   | Killed Rupert
 12162 | Lair:6   | Reached XP level 14. HP: 27/88 MP: 24/24
 12301 | Lair:6   | Paralysed by a hornet for 1 turns
 12525 | Lair:6   | HP: 1/88 [rime drake/flash freeze (20)]
 12670 | Lair:6   | Found a staircase to the Slime Pits.
 12761 | Lair:6   | Paralysed by a hornet for 2 turns
 12936 | Spider:1 | Entered Level 1 of the Spider Nest
 12964 | Spider:1 | Noticed Agnes
 12970 | Spider:1 | Killed Agnes
 12970 | Spider:1 | Reached skill level 10 in Earth Magic
 12988 | Spider:1 | Learned a level 5 spell: Irradiate
 13003 | Spider:1 | Identified a +2 rod of ignition (11/11) (You found it on level 1 of the Spider Nest)
 13283 | Spider:1 | Noticed Aizul
 13320 | Spider:1 | Killed Aizul
 13502 | Spider:2 | Noticed an entropy weaver
 13514 | Spider:2 | Killed an entropy weaver
 13519 | Spider:2 | Noticed Louise
 13530 | Spider:2 | Killed Louise
 13531 | Spider:2 | Reached XP level 15. HP: 64/92 MP: 27/28
 14190 | Spider:3 | Reached ****** piety under Cheibriados
 14271 | Spider:4 | Entered Level 4 of the Spider Nest
 14276 | Spider:4 | Killed a ghost moth
 14388 | Spider:4 | Reached skill level 1 in Translocations
 14876 | Spider:4 | Reached XP level 16. HP: 93/103 MP: 4/30
 14885 | Spider:4 | Got a gossamer rune of Zot
 14906 | Spider:4 | Reached skill level 5 in Translocations
 15013 | Spider:4 | Got a shimmering chain mail
 15052 | Spider:4 | Identified the cursed +1 chain mail of the Tortoise {MR++ Regen+} (You found it on level 4 of the Spider Nest)
 15258 | Swamp:1  | Entered Level 1 of the Swamp
 15334 | Swamp:1  | Noticed Kirke
 15343 | Swamp:1  | Killed Kirke
 15804 | Swamp:3  | Reached skill level 1 in Necromancy
 16128 | Swamp:4  | Entered Level 4 of the Swamp
 16179 | Swamp:4  | Reached skill level 5 in Dodging
 16793 | Swamp:4  | Noticed a bone dragon
 16807 | Swamp:4  | Killed a bone dragon
 16807 | Swamp:4  | Reached skill level 10 in Fighting
 16899 | Swamp:4  | Got a decaying rune of Zot
 17043 | Lair:3   | Reached XP level 17. HP: 115/115 MP: 31/31
 17044 | Lair:3   | Reached skill level 1 in Charms
 17200 | D:6      | Bought a book of Necromancy for 360 gold pieces
 17200 | D:6      | Bought a book of Geomancy for 420 gold pieces
 17209 | D:6      | Learned a level 3 spell: Regeneration
 17214 | D:6      | Learned a level 4 spell: Animate Dead
 17219 | D:6      | Learned a level 4 spell: Control Undead
 17409 | Lair:4   | Learned a level 3 spell: Lesser Beckoning
 17529 | Orc:2    | Entered Level 2 of the Orcish Mines
 17529 | Orc:2    | Found a staircase to the Elven Halls.
 17665 | Orc:2    | Found a roughly hewn altar of Beogh.
 17700 | Orc:2    | Found Nykoz's Antique Weapon Shop.
 17718 | Orc:2    | Found Casaq's Book Shop.
 17736 | Orc:2    | Found Jyasiuj's General Store.
 17743 | Orc:2    | Bought a scroll of teleportation for 48 gold pieces
 17743 | Orc:2    | Bought a potion of curing for 48 gold pieces
 17752 | Orc:2    | Found Lowy's Antique Armour Shop.
 18114 | Elf:1    | Entered Level 1 of the Elven Halls
 18114 | Elf:1    | Noticed Nikola
 18126 | Elf:1    | Killed Nikola
 18613 | Elf:2    | Reached skill level 5 in Charms
 18976 | Elf:2    | Found a huge runed gate.
 18976 | Elf:2    | Found a huge runed gate.
 18977 | Elf:2    | Found a huge runed gate.
 18978 | Elf:2    | Found a huge runed gate.
 18982 | Elf:2    | Found a huge runed gate.
 19085 | Elf:2    | Noticed a deep elf blademaster
 19094 | Elf:2    | Killed a deep elf blademaster
 19171 | Elf:2    | Reached XP level 18. HP: 124/124 MP: 31/32
 19319 | Elf:3    | Entered Level 3 of the Elven Halls
 19334 | Elf:3    | Noticed an Ice Fiend
 19338 | Elf:3    | Noticed an Ice Fiend
 19499 | Elf:2    | Reached skill level 10 in Dodging
 19541 | Elf:3    | Noticed an Ice Fiend
 19685 | Elf:3    | Identified Sif Muna's Handbook of Enchanting Enhancements
 19743 | Elf:3    | Identified the amulet of Catz {Spirit rC+ Dex+6} (You found it on level 3 of the Elven Halls)
 19806 | Elf:3    | Identified the ring "Uluu" {+Fly Str+7 Stlth+} (You found it on level 3 of the Elven Halls)
 20374 | D:14     | Found a gate to the Vaults.
 20374 | D:14     | Noticed Azrael
 20507 | D:14     | Killed Azrael
 20556 | Vaults:1 | Entered Level 1 of the Vaults
 20601 | Vaults:1 | Reached skill level 10 in Evocations
 20676 | Vaults:1 | Found Nasiobu's Armour Boutique.
 20731 | Vaults:1 | Reached XP level 19. HP: 132/132 MP: 31/33
 20733 | Vaults:1 | Reached skill level 10 in Spellcasting
 21277 | Vaults:2 | Noticed Bai Suzhen
 21284 | Vaults:2 | Killed Bai Suzhen
 21573 | Vaults:2 | Found Ucsuheank's Antique Armour Boutique.
 21587 | Vaults:2 | Bought an encrusted leather armour for 245 gold pieces
 21607 | Vaults:2 | Identified the +3 leather armour of Noiniost {*Drain rElec SInv} (You bought it in a shop on level 2 of the Vaults)
 21620 | Vaults:2 | Got a fine turquoise ring
 21622 | Vaults:2 | Identified the ring "Qoiwn" {*Tele rElec rN+ SInv} (You found it on level 2 of the Vaults)
 21638 | Vaults:3 | Found Caom's Book Boutique.
 21671 | Vaults:3 | Noticed Jory
 21753 | Vaults:2 | Noticed Apogee's ghost (adept MiFi)
 21766 | Vaults:2 | Killed Apogee's ghost
 21811 | Vaults:2 | Reached skill level 10 in Invocations
 21986 | Vaults:2 | Learned a level 5 spell: Lee's Rapid Deconstruction
 22102 | Vaults:2 | Found a staircase to the Crypt.
 22102 | Vaults:2 | Found an ancient bone altar of Kikubaaqudgha.
 22103 | Vaults:2 | Found a basalt altar of Yredelemnul.
 22410 | Vaults:3 | Killed Jory
 22538 | Vaults:3 | Noticed Boris
 22547 | Vaults:3 | Killed Boris
 22547 | Vaults:3 | Reached XP level 20. HP: 140/140 MP: 15/36
 22698 | Vaults:3 | Learned a level 2 spell: Passwall
 22964 | Vaults:4 | Reached skill level 15 in Unarmed Combat
 23776 | Vaults:4 | Found Feuttael's Antique Weapon Boutique.
 23981 | Crypt:1  | Entered Level 1 of the Crypt
 24017 | Crypt:1  | Noticed Xtahua
 24026 | Crypt:1  | Killed Xtahua
 24532 | Crypt:2  | Reached XP level 21. HP: 149/149 MP: 29/37
 24587 | Crypt:3  | Entered Level 3 of the Crypt
 25038 | Crypt:3  | Found a staircase to the Tomb.
 25337 | Crypt:3  | Reached skill level 15 in Fighting
 25446 | Crypt:3  | Found an ancient bone altar of Kikubaaqudgha.
 25547 | Crypt:3  | Noticed Mennas
 25570 | Crypt:3  | Killed Mennas
 25581 | Crypt:3  | Noticed an ancient lich
 25591 | Crypt:3  | Killed an ancient lich
 25598 | Crypt:3  | Identified the Collected Works on Congealing Evil Magic
 25765 | Tomb:1   | Entered Level 1 of the Tomb of the Ancients
 25904 | Tomb:1   | Noticed a greater mummy
 25909 | Tomb:1   | Killed a greater mummy
 25910 | Tomb:1   | Noticed a greater mummy
 25911 | Tomb:1   | Noticed a greater mummy
 25913 | Tomb:1   | Noticed a greater mummy
 25913 | Tomb:1   | Killed a greater mummy
 25913 | Tomb:1   | Reached skill level 15 in Dodging
 25926 | Tomb:1   | Killed a greater mummy
 25926 | Tomb:1   | Reached XP level 22. HP: 100/158 MP: 14/38
 25932 | Tomb:1   | Killed a greater mummy
 26021 | Tomb:1   | Noticed a greater mummy
 26026 | Tomb:1   | Noticed a greater mummy
 26029 | Tomb:1   | Killed a greater mummy
 26030 | Tomb:1   | Noticed a greater mummy
 26033 | Tomb:1   | Noticed a greater mummy
 26033 | Tomb:1   | Killed a greater mummy
 26036 | Tomb:1   | Noticed a greater mummy
 26041 | Tomb:1   | Killed a greater mummy
 26070 | Tomb:1   | Killed a greater mummy
 26145 | Tomb:1   | Killed a greater mummy
 26300 | Tomb:2   | Noticed a greater mummy
 26324 | Tomb:2   | Killed a greater mummy
 26358 | Tomb:2   | Noticed a greater mummy
 26363 | Tomb:2   | Noticed a greater mummy
 26372 | Tomb:2   | Killed a greater mummy
 26382 | Tomb:2   | Killed a greater mummy
 26425 | Tomb:2   | Noticed a greater mummy
 26431 | Tomb:2   | Killed a greater mummy
 26495 | Tomb:1   | Noticed a greater mummy
 26503 | Tomb:1   | Killed a greater mummy
 26947 | Tomb:2   | Noticed a greater mummy
 26948 | Tomb:2   | Noticed Khufu
 27020 | Tomb:2   | Killed a greater mummy
 27090 | Tomb:2   | Killed Khufu
 27090 | Tomb:2   | Reached XP level 23. HP: 167/167 MP: 22/40
 27301 | Tomb:1   | Noticed a greater mummy
 27310 | Tomb:1   | Noticed a greater mummy
 27313 | Tomb:1   | Killed a greater mummy
 27319 | Tomb:1   | Killed a greater mummy
 27343 | Tomb:1   | Noticed a greater mummy
 27351 | Tomb:1   | Killed a greater mummy
 27370 | Tomb:1   | Noticed a greater mummy
 27382 | Tomb:1   | Killed a greater mummy
 27425 | Tomb:1   | Noticed a greater mummy
 27428 | Tomb:1   | Noticed a greater mummy
 27429 | Tomb:1   | Noticed a greater mummy
 27433 | Tomb:1   | Noticed a greater mummy
 27433 | Tomb:1   | Noticed a greater mummy
 27433 | Tomb:1   | Killed a greater mummy
 27438 | Tomb:1   | Killed a greater mummy
 27441 | Tomb:1   | Noticed a greater mummy
 27554 | Tomb:1   | Killed a greater mummy
 27571 | Tomb:1   | Killed a greater mummy
 27622 | Tomb:1   | Noticed a greater mummy
 27629 | Tomb:1   | Killed a greater mummy
 27835 | Tomb:1   | Killed a greater mummy
 27875 | Tomb:1   | Killed a greater mummy
 28050 | Tomb:3   | Entered Level 3 of the Tomb of the Ancients
 28064 | Tomb:3   | Noticed a greater mummy
 28093 | Tomb:3   | Noticed a greater mummy
 28104 | Tomb:2   | Killed a greater mummy
 28175 | Tomb:3   | Noticed a greater mummy
 28177 | Tomb:3   | Noticed an ancient lich
 28238 | Tomb:2   | Killed a greater mummy
 28339 | Tomb:2   | Killed an ancient lich
 28342 | Tomb:2   | Killed a greater mummy
 28491 | Tomb:3   | Noticed a greater mummy
 28494 | Tomb:3   | Noticed a greater mummy
 28555 | Tomb:3   | Killed a greater mummy
 28566 | Tomb:3   | Noticed a greater mummy
 28572 | Tomb:3   | Killed a greater mummy
 28587 | Tomb:3   | Killed a greater mummy
 28587 | Tomb:3   | Reached XP level 24. HP: 177/177 MP: 9/42
 28688 | Tomb:3   | Noticed a greater mummy
 28698 | Tomb:3   | Killed a greater mummy
 28756 | Tomb:3   | Identified the ring of Jorir {rF+ rC+} (You found it on level 3 of the Tomb of the Ancients)
 28835 | Tomb:3   | Got a golden rune of Zot
 28846 | Tomb:3   | Noticed a greater mummy
 28858 | Tomb:3   | Killed a greater mummy
 28917 | Tomb:3   | Got a jewelled buckler
 28923 | Tomb:3   | Identified the cursed +0 buckler of Weirdness {+Inv rPois MR- Dex+8} (You found it on level 3 of the Tomb of the Ancients)
 29663 | Orc:2    | Bought a book of the Warp for 1170 gold pieces
 29663 | Orc:2    | Bought a manual of Fighting for 1435 gold pieces
 29895 | Lair:6   | Learned a level 6 spell: Dispersal
 29934 | Slime:1  | Entered Level 1 of the Pits of Slime
 29962 | Slime:2  | Reached skill level 15 in Spellcasting
 30111 | Slime:5  | Entered Level 5 of the Pits of Slime
 30203 | Slime:5  | Found a viscous altar of Jiyva.
 30207 | Slime:5  | Noticed the Royal Jelly
 30226 | Slime:5  | Noticed a shard shrike shaped Royal Jelly
 30226 | Slime:5  | the Royal Jelly changed into a shard shrike shaped Royal Jelly
 30238 | Slime:5  | Killed a shard shrike shaped Royal Jelly
 30242 | Slime:5  | Gained mutation: Scrolls take you a little longer to read. [a shining eye]
 30261 | Slime:5  | Gained mutation: Your body sometimes deteriorates upon taking damage. [a shining eye]
 30423 | Slime:5  | Got a shadowed robe
 30444 | Slime:5  | Identified the +3 robe of Responsibility {rC++ Str-4 SInv} (You found it on level 5 of the Pits of Slime)
 30506 | Slime:5  | Reached skill level 1 in Shields
 30521 | Slime:5  | Got a slimy rune of Zot
 30586 | Slime:5  | Gained mutation: You have an increased reservoir of magic. (+10% MP) [potion of mutation]
 30586 | Slime:5  | Gained mutation: Armour fits poorly on your strangely shaped body. [potion of mutation]
 30586 | Slime:5  | Gained mutation: You are agile. (Dex +2) [potion of mutation]
 30587 | Slime:5  | Lost mutation: Your body sometimes deteriorates upon taking damage. [potion of mutation]
 30587 | Slime:5  | Lost mutation: Armour fits poorly on your strangely shaped body. [potion of mutation]
 31051 | Vaults:5 | Entered Level 5 of the Vaults
 31051 | Vaults:5 | Noticed Sojobo
 31237 | Vaults:5 | Reached XP level 25. HP: 187/187 MP: 31/47
 31287 | Vaults:5 | Killed Sojobo
 31351 | Vaults:5 | Identified the +0 cloak of Opeucros {+Blink rF- rC+ Str+2} (You found it on level 5 of the Vaults)
 31354 | Vaults:5 | Got a heavily runed copper ring
 31356 | Vaults:5 | Identified the ring of Ofis {+Inv rN+ Str+5 Int-3} (You found it on level 5 of the Vaults)
 31403 | Vaults:5 | Reached skill level 10 in Translocations
 31417 | Vaults:5 | Identified First Steps in Hermeneutics
 31420 | Vaults:5 | Got a silver rune of Zot
 31503 | Vaults:5 | Noticed an ancient lich
 31507 | Vaults:5 | Killed an ancient lich
 31582 | Vaults:5 | Got a steaming cloak
 31656 | Vaults:5 | Identified the +0 cloak of the Rose {rN+ Stlth+} (You found it on level 5 of the Vaults)
 31753 | Vaults:5 | Found Byon's Magic Scroll Shoppe.
 31762 | Vaults:5 | Bought a scroll of magic mapping for 56 gold pieces
 31762 | Vaults:5 | Bought a scroll of summoning for 152 gold pieces
 31762 | Vaults:5 | Bought a scroll of recharging for 152 gold pieces
 32074 | D:15     | Entered Level 15 of the Dungeon
 32240 | D:15     | Found a staircase to the Depths.
 32250 | Depths:1 | Entered Level 1 of the Depths
 32326 | Depths:1 | Found a portal to a secret trove of treasure.
 32467 | Depths:1 | Found a gateway to Hell.
 32553 | Hell     | Entered the Vestibule of Hell
 32553 | Hell     | Noticed Geryon
 32588 | Hell     | Killed Geryon
 32792 | Hell     | Reached XP level 26. HP: 199/199 MP: 38/47
 32816 | Hell     | Found a gateway to the freezing wastes of Cocytus.
 32830 | Coc:1    | Entered Level 1 of Cocytus
 32830 | Coc:1    | Found a gateway to Hell.
 32896 | Coc:2    | Found a gateway to Hell.
 32940 | Coc:3    | You fall through a shaft!
 32940 | Coc:4    | Found a gateway to Hell.
 32940 | Coc:4    | Found a gateway to Hell.
 32976 | Coc:4    | You fall through a shaft!
 33039 | Coc:5    | Found a gateway to Hell.
 33041 | Coc:5    | Gained mutation: You occasionally shout uncontrollably at your foes. [mutagenic glow]
 33098 | Coc:5    | Found a gateway to Hell.
 33137 | Coc:5    | Found a gateway to Hell.
 33179 | Coc:5    | Reached skill level 15 in Translocations
 33293 | Coc:6    | Found a gateway to Hell.
 33430 | Coc:6    | Found a gateway to Hell.
 33444 | Coc:6    | Found a gateway to Hell.
 33492 | Coc:7    | Entered Level 7 of Cocytus
 33492 | Coc:7    | Found a gateway to Hell.
 33492 | Coc:7    | Found a gateway to Hell.
 33492 | Coc:7    | Found a gateway to Hell.
 33707 | Coc:2    | Found a gateway to Hell.
 33860 | Coc:3    | Found a gateway to Hell.
 33987 | Coc:3    | Found a gateway to Hell.
 34160 | Coc:5    | Reached XP level 27. HP: 207/207 MP: 36/47
 34258 | Coc:7    | Learned a level 8 spell: Controlled Blink
 34429 | Coc:7    | Noticed Antaeus
 34442 | Coc:7    | Killed Antaeus
 34496 | Coc:7    | Got an icy rune of Zot
 34559 | Hell     | Found a gateway to the decaying netherworld of Tartarus.
 34635 | Hell     | Found a gateway to the Iron City of Dis.
 34654 | Dis:1    | Entered Level 1 of the Iron City of Dis
 34654 | Dis:1    | Found a gateway to Hell.
 35150 | Dis:2    | Found a gateway to Hell.
 35336 | Dis:3    | Found a gateway to Hell.
 35374 | Dis:3    | Gained mutation: You have sharp fingernails. [mutagenic glow]
 35393 | Dis:3    | Gained mutation: Your body sometimes deteriorates upon taking damage. [mutagenic glow]
 35466 | Dis:3    | Found a gateway to Hell.
 35566 | Dis:4    | Found a gateway to Hell.
 35644 | Dis:5    | Found a gateway to Hell.
 35785 | Dis:5    | Found a gateway to Hell.
 35922 | Dis:6    | Found a gateway to Hell.
 35964 | Dis:7    | Entered Level 7 of the Iron City of Dis
 35964 | Dis:7    | Found a gateway to Hell.
 35964 | Dis:7    | Found a gateway to Hell.
 36410 | Dis:7    | Got a coiled amber ring
 36412 | Dis:7    | Identified the ring of Ecvydazo {+Fly rF+ MR- Int+4 Dex+2} (You found it on level 7 of the Iron City of Dis)
 36594 | Dis:7    | Noticed Dispater
 36616 | Dis:7    | Killed Dispater
 36679 | Dis:7    | Got an iron rune of Zot
 36772 | Dis:7    | Gained mutation: You are weak. (Str -2) [mutagenic glow]
 36805 | Dis:7    | Lost mutation: You are agile. (Dex +2) [mutagenic glow]
 36896 | Hell     | Found a gateway to the ashen valley of Gehenna.
 36923 | Geh:1    | Entered Level 1 of Gehenna
 36923 | Geh:1    | Found a gateway to Hell.
 37344 | Geh:2    | Found a gateway to Hell.
 37344 | Geh:2    | Found a gateway to Hell.
 37575 | Geh:2    | Found a gateway to Hell.
 37642 | Geh:2    | You fall through a shaft for 2 floors!
 37647 | Geh:4    | Found a gateway to Hell.
 37675 | Geh:5    | Found a gateway to Hell.
 37826 | Geh:6    | Found a gateway to Hell.
 37934 | Geh:7    | Entered Level 7 of Gehenna
 37934 | Geh:7    | Found a gateway to Hell.
 38051 | Geh:7    | Found a gateway to Hell.
 38141 | Geh:7    | Noticed Asmodeus
 38154 | Geh:7    | Killed Asmodeus
 38159 | Geh:7    | Got an obsidian rune of Zot
 38232 | Tar:1    | Entered Level 1 of Tartarus
 38232 | Tar:1    | Found a gateway to Hell.
 38245 | Tar:2    | Found a gateway to Hell.
 38393 | Tar:4    | Found a gateway to Hell.
 38546 | Tar:5    | Found a gateway to Hell.
 38617 | Tar:5    | Found a gateway to Hell.
 38655 | Tar:6    | Found a gateway to Hell.
 38658 | Tar:6    | Found a gateway to Hell.
 38781 | Tar:7    | Entered Level 7 of Tartarus
 38781 | Tar:7    | Found a gateway to Hell.
 38825 | Tar:7    | Found a gateway to Hell.
 38949 | Tar:7    | Noticed the Serpent of Hell
 38958 | Tar:7    | Killed the Serpent of Hell
 38961 | Tar:7    | Noticed an ancient lich
 38975 | Tar:7    | Killed an ancient lich
 39327 | Tar:7    | Noticed Ereshkigal
 39344 | Tar:7    | Killed Ereshkigal
 39407 | Tar:7    | Got a bone rune of Zot
 39673 | Depths:2 | Found a one-way gate leading to the halls of Pandemonium.
 39689 | Pan      | Entered Pandemonium
 39843 | Pan      | Noticed Ytse the pandemonium lord
 39851 | Pan      | Killed Ytse the pandemonium lord
 39863 | Pan      | Got a demonic rune of Zot
 40070 | Pan      | Noticed Turra the pandemonium lord
 40234 | Pan      | Found an exit through the horrors of the Abyss.
 40354 | Pan      | Gained mutation: You are frail. (-10% HP) [a neqoxec]
 40576 | Pan      | Found an exit through the horrors of the Abyss.
 40635 | Pan      | Noticed Kuysm the pandemonium lord
 40671 | Pan      | Killed Kuysm the pandemonium lord
 40819 | Pan      | Noticed Hacodup the pandemonium lord
 40824 | Pan      | Killed Hacodup the pandemonium lord
 40920 | Pan      | Found an exit through the horrors of the Abyss.
 41071 | Pan      | Gained mutation: Your spells are a little easier to cast, but a little less powerful. [a neqoxec]
 41263 | Pan      | Noticed Dupn the pandemonium lord
 41267 | Pan      | Killed Dupn the pandemonium lord
 41319 | Pan      | Noticed Jihauf the pandemonium lord
 41365 | Pan      | Found an exit through the horrors of the Abyss.
 41545 | Pan      | Noticed Fydets the pandemonium lord
 41547 | Pan      | Entered the realm of Cerebov.
 41919 | Pan      | Identified the ring "Gyoler" {rF+++ rC+ MR+ Int+3 Dex-5} (You found it in Pandemonium)
 41928 | Pan      | Got a steaming pewter ring
 41930 | Pan      | Identified the ring "Ettuih" {+Fly rN+ MP+9} (You found it in Pandemonium)
 41974 | Pan      | Noticed Cerebov
 41982 | Pan      | Killed Cerebov
 41991 | Pan      | Got a fiery rune of Zot
 42158 | Pan      | Gained mutation: You tend to lose your temper in combat. [a cacodemon]
 43090 | Pan      | Noticed Fuche the pandemonium lord
 43263 | Pan      | Gained mutation: Your body often deteriorates upon taking damage. [a cacodemon]
 43291 | Pan      | Noticed Cockerih the pandemonium lord
 43294 | Pan      | Lost mutation: You tend to lose your temper in combat. [potion of cure mutation]
 43294 | Pan      | Lost mutation: You are weak. (Str -2) [potion of cure mutation]
 43294 | Pan      | Lost mutation: Your body often deteriorates upon taking damage. [potion of cure mutation]
 43294 | Pan      | Lost mutation: You are frail. (-10% HP) [potion of cure mutation]
 43518 | Pan      | Entered the realm of Lom Lobon.
 43526 | Pan      | Found an exit through the horrors of the Abyss.
 43712 | Pan      | Noticed Lom Lobon
 43716 | Pan      | Killed Lom Lobon
 43731 | Pan      | Got a magical rune of Zot
 43808 | Pan      | Entered the realm of Mnoleg.
 43808 | Pan      | Found an exit through the horrors of the Abyss.
 44046 | Pan      | Gained mutation: Scrolls take you longer to read. [a neqoxec]
 44087 | Pan      | Gained mutation: You are occasionally teleported next to monsters. [a neqoxec]
 44294 | Pan      | Noticed Mnoleg
 44323 | Pan      | Killed Mnoleg
 44366 | Pan      | Got a glowing rune of Zot
 44474 | Pan      | Lost mutation: You are occasionally teleported next to monsters. [potion of cure mutation]
 44474 | Pan      | Lost mutation: Your body sometimes deteriorates upon taking damage. [potion of cure mutation]
 44597 | Pan      | Found an exit through the horrors of the Abyss.
 44668 | Pan      | Noticed Pazyore the pandemonium lord
 44675 | Pan      | Killed Pazyore the pandemonium lord
 44746 | Pan      | Entered the realm of Gloorx Vloq.
 44829 | Pan      | Found an exit through the horrors of the Abyss.
 44915 | Pan      | Noticed Gloorx Vloq
 44921 | Pan      | Killed Gloorx Vloq
 44946 | Pan      | Got a dark rune of Zot
 45009 | Pan      | Took an exit into the Abyss.
 45009 | Abyss:1  | Escaped into the Abyss
 45355 | Abyss:1  | Gained mutation: Your flesh is heat resistant. (rF+) [mutagenic meat]
 45356 | Abyss:1  | Gained mutation: You possess an exceptional clarity of mind. [mutagenic meat]
 45358 | Abyss:1  | Gained mutation: Your spells are easier to cast, but less powerful. [mutagenic meat]
 45359 | Abyss:1  | Gained mutation: You have a pair of small antennae on your head. [mutagenic meat]
 45390 | Abyss:1  | Found a blossoming altar of Fedhas.
 45499 | Abyss:1  | Identified a scroll of acquirement
 45541 | Abyss:1  | Noticed an ancient lich
 45545 | Abyss:1  | Killed an ancient lich
 45567 | Abyss:1  | Noticed an ancient lich
 45569 | Abyss:1  | Killed an ancient lich
 45569 | Abyss:1  | Reached skill level 27 in Unarmed Combat
 46026 | Abyss:5  | Entered Level 5 of the Abyss
 46124 | Abyss:5  | Paralysed by accursed screaming for 1 turns
 46136 | Abyss:5  | Got an abyssal rune of Zot
 46145 | Depths:2 | Escaped the Abyss
 46379 | Depths:3 | Noticed Frederick
 46386 | Depths:3 | Killed Frederick
 46386 | Depths:3 | Reached skill level 27 in Fighting
 46510 | Depths:4 | Found a gateway to a ziggurat.
 46642 | Depths:3 | Found a one-way gate to the infinite horrors of the Abyss.
 46696 | Depths:5 | Entered Level 5 of the Depths
 46726 | Depths:5 | Noticed Boris
 46740 | Depths:5 | Killed Boris
 46988 | Depths:5 | Found a gate to the Realm of Zot.
 47013 | Depths:5 | Reached skill level 27 in Dodging
 47048 | Zot:1    | Entered Level 1 of the Realm of Zot
 47082 | Zot:1    | Noticed an orb of fire
 47087 | Zot:1    | Gained mutation: You are frail. (-10% HP) [an orb of fire]
 47091 | Zot:1    | Killed an orb of fire
 47091 | Zot:1    | Reached skill level 15 in Invocations
 47119 | Zot:1    | Learned a level 8 spell: Disjunction
 47499 | Zot:5    | Entered Level 5 of the Realm of Zot
 47550 | Zot:5    | Found Meexzyrgh's Changing Room.
 47552 | Zot:5    | Noticed an ancient lich
 47557 | Zot:5    | Killed an ancient lich
 47578 | Zot:5    | Noticed an orb of fire
 47583 | Zot:5    | Killed an orb of fire
 47626 | Zot:5    | Noticed an ancient lich
 47631 | Zot:5    | Killed an ancient lich
 47693 | Zot:5    | Noticed an orb of fire
 47700 | Zot:5    | Killed an orb of fire
 47769 | Zot:5    | Noticed an orb of fire
 47776 | Zot:5    | Killed an orb of fire
 47788 | Zot:5    | Got the Orb of Zot
 47836 | Zot:5    | Noticed an ancient lich
 47840 | Zot:5    | Killed an ancient lich
 48304 | D:11     | Noticed Voniek Izask the pandemonium lord
 48310 | D:11     | Killed Voniek Izask the pandemonium lord
 48330 | D:10     | Noticed Debbofad the pandemonium lord
 48331 | D:10     | Killed Debbofad the pandemonium lord
 48445 | D:7      | Noticed a seraph
 48599 | D:1      | Gained mutation: Potions and wands are less effective at restoring your health. [a neqoxec]
 48620 | D:$      | Escaped with the Orb!

Skill      XL: |  1  2  3  4  5  6  7  8  9 10 11 12 13 14 15 16 17 18 19 20 21 22 23 24 25 26 27 |
---------------+----------------------------------------------------------------------------------+-----
Bows           | 6 7 8 |  8.4
Fighting       | 3 4 5 7 10 11 12 13 14 15 16 17 19 21 22 27 | 27.0
Dodging        | 3 6 9 10 11 13 15 16 17 18 19 27 | 27.0
Armour         | 1 |  1.9
Unarmed Combat | 2 6 8 10 11 12 13 14 15 16 17 18 19 27 | 27.0
Invocations    | 2 5 7 9 10 23 | 23.6
Evocations     | 5 6 8 10 11 12 14 | 14.3
Spellcasting   | 4 6 8 9 11 12 14 15 | 15.5
Transmutations | 2 8 11 13 14 | 14.6
Earth Magic    | 1 6 9 10 11 | 11.7
Translocations | 4 5 8 13 16 21 | 21.0
Necromancy     | 3 4 |  4.0
Charms         | 6 7 |  7.9
Shields        | 4 |  4.1
Stealth        | |  1.1

Action                   |  1- 3 |  4- 6 |  7- 9 | 10-12 | 13-15 | 16-18 | 19-21 | 22-24 | 25-27 || total
-------------------------+-------+-------+-------+-------+-------+-------+-------+-------+-------++-------
Melee: Dagger            |       |   232 |   231 |    74 |       |       |       |       |       ||   537
       Short sword       |       |    10 |       |       |       |       |       |       |       ||    10
       Shortbow          |       |     1 |       |     1 |       |       |       |       |       ||     2
       Hand axe          |       |    21 |     3 |       |       |       |       |       |       ||    24
       Unarmed           |       |       |     5 |   326 |   882 |   844 |   911 |   801 |  4576 ||  8345
       Punch             |       |       |     5 |    22 |    54 |    72 |   109 |   100 |       ||   362
 Fire: Shortbow          |    71 |    33 |    95 |   375 |    29 |     3 |       |       |       ||   606
 Cast: Statue Form       |       |       |       |       |    49 |   128 |    97 |    94 |   399 ||   767
       Blink             |       |       |       |       |     4 |     2 |     5 |     3 |     1 ||    15
       Irradiate         |       |       |       |       |     7 |    10 |     6 |       |     1 ||    24
       Passage of Golubr |       |       |       |       |       |     8 |     2 |     8 |    30 ||    48
       Animate Skeleton  |       |       |       |       |       |     2 |       |       |       ||     2
       Repel Missiles    |       |       |       |       |       |     1 |     2 |       |     1 ||     4
       Regeneration      |       |       |       |       |       |    65 |    47 |   157 |   429 ||   698
       Animate Dead      |       |       |       |       |       |    28 |    37 |    13 |    87 ||   165
       Lesser Beckoning  |       |       |       |       |       |    14 |    24 |    47 |   253 ||   338
       Apportation       |       |       |       |       |       |     2 |     5 |    10 |    48 ||    65
       Control Undead    |       |       |       |       |       |       |    16 |    49 |    33 ||    98
       Lee's Rapid Decon |       |       |       |       |       |       |    18 |     5 |    49 ||    72
       Passwall          |       |       |       |       |       |       |       |       |    33 ||    33
       Controlled Blink  |       |       |       |       |       |       |       |       |    14 ||    14
       Dispersal         |       |       |       |       |       |       |       |       |     1 ||     1
       Disjunction       |       |       |       |       |       |       |       |       |     1 ||     1
Invok: Bend Time         |       |       |     2 |    26 |    17 |     6 |     3 |     2 |    11 ||    67
       Slouch            |       |       |     1 |     6 |    16 |    16 |     7 |    15 |    40 ||   101
       Temporal Distorti |       |       |       |     3 |     2 |       |     3 |     3 |     1 ||    12
 Abil: Evoke Blink       |       |       |     2 |    30 |    15 |       |       |       |       ||    47
       End Transformatio |       |       |       |       |     3 |     4 |     1 |       |       ||     8
       Evoke Flight      |       |       |       |       |       |       |       |       |     7 ||     7
       Stop Flying       |       |       |       |       |       |       |       |       |     1 ||     1
Evoke: Wand              |       |       |       |    23 |    41 |     6 |    10 |     3 |    27 ||   110
       Disc of storms    |       |       |       |       |       |    10 |       |     5 |       ||    15
       Staff of energy   |       |       |       |       |       |       |    34 |   332 |   692 ||  1058
       Phantom mirror    |       |       |       |       |       |       |       |       |     3 ||     3
  Use: Scroll            |       |     4 |     5 |    19 |     9 |    14 |    10 |    12 |    28 ||   101
       Potion            |       |     4 |       |     4 |     6 |     2 |     2 |     4 |    13 ||    35
 Stab: Sleeping          |       |     1 |       |       |       |     4 |     6 |     3 |    11 ||    25
       Paralysed         |       |       |     1 |       |    17 |       |       |       |     5 ||    23
       Confused          |       |       |       |     3 |       |       |       |       |     1 ||     4
       Distracted        |       |       |       |       |     3 |    14 |     7 |     4 |    53 ||    81
       Held in net/web   |       |       |       |       |     1 |       |       |       |       ||     1
       Invisible         |       |       |       |       |       |       |     4 |       |       ||     4
       Petrified         |       |       |       |       |       |       |       |       |     5 ||     5
       Petrifying        |       |       |       |       |       |       |       |       |     1 ||     1
  Eat: Chunk             |       |     5 |     4 |    10 |    22 |    15 |    15 |       |    13 ||    84
       Royal jelly       |       |       |       |     1 |       |     6 |     7 |     1 |     1 ||    16
       Meat ration       |       |       |       |     1 |     2 |     6 |       |     4 |    10 ||    23
       Fruit             |       |       |       |       |     1 |     2 |     8 |       |     3 ||    14
       Beef jerky        |       |       |       |       |       |     1 |     2 |       |     4 ||     7
       Pizza             |       |       |       |       |       |       |     2 |       |     3 ||     5
       Bread ration      |       |       |       |       |       |       |       |     8 |    10 ||    18
Armor: Leather armour    |    11 |    50 |       |       |       |       |    17 |     2 |    25 ||   105
       Plate armour      |       |    92 |   217 |   399 |   407 |    23 |       |       |       ||  1138
       Skin              |       |    33 |       |       |   475 |   643 |   430 |   319 |  1338 ||  3238
Dodge: Dodged            |    22 |   116 |   106 |   278 |   917 |  1610 |  1700 |  1621 |  8254 || 14624
       Deflected         |       |       |       |       |       |     1 |    25 |    19 |     2 ||    47
Block: Buckler           |       |       |       |       |       |       |       |   100 |  4326 ||  4426
       Reflection        |       |       |       |       |       |       |       |     7 |   202 ||   209
